 Dungeon Crawl Stone Soup version 0.30-a0-622-gddc90eaa04 (webtiles) character file.

Game seed: 17158104338996981658

63 Leeroy the Slasher (level 4, -2/33 HPs)
             Began as a Merfolk Gladiator on Jan 10, 2023.
             Slain by a gnoll
             ... wielding a +0 club
              (6 damage)
             ... on level 2 of the Dungeon.
             The game lasted 00:02:05 (1492 turns).

Leeroy the Slasher (Merfolk Gladiator)              Turns: 1492, Time: 00:02:05

Health: -2/33      AC:  4    Str: 14    XL:     4   Next: 10%
Magic:  4/4        EV: 13    Int:  7    God:
Gold:   41         SH:  0    Dex: 17    Spells: 3/3 levels left

rFire   . . .      SeeInvis .    a - +0 long sword
rCold   . . .      Faith    .    (no shield)
rNeg    . . .      Spirit   .    b - +0 leather armour
rPois   +          Reflect  .    c - +0 helmet
rElec   .          Harm     .    (no cloak)
rCorr   .          Rampage  .    (no gloves)
Will    .....                    (no boots)
Stlth   +                        (no amulet)
HPRegen 0.25/turn                i - ring of poison resistance
MPRegen 0.09/turn                (no ring)

@: no status effects
A: (nimble swimmer 2), mertail
a: no special abilities


You were on level 2 of the Dungeon.
You visited 1 branch of the dungeon, and saw 3 of its levels.

You collected 41 gold pieces.

Inventory:

Hand Weapons
 a - a +0 long sword (weapon)
Missiles
 d - 3 throwing nets (quivered)
 e - a javelin
Armour
 b - a +0 leather armour (worn)
 c - a +0 helmet (worn)
Jewellery
 i - a ring of poison resistance (left hand)
Scrolls
 g - a scroll of fog {unknown}
 h - 3 scrolls of identify {unknown}
 k - a scroll of fear {unknown}
 l - a scroll of teleportation {unknown}
 m - a scroll of magic mapping {unknown}
 o - a scroll of immolation {unknown}
Potions
 f - 2 potions of degeneration {unknown}
 j - 2 potions of berserk rage {unknown}
 n - a potion of heal wounds {unknown}
 p - a potion of curing {unknown}


   Skills:
 - Level 2.1 Fighting
 + Level 5.9 Long Blades
 - Level 2.0 Throwing
 - Level 4.0 Dodging


You had 3 spell levels left.
You didn't know any spells.
Your spell library contained the following spells:

 Spells                   Type           Power      Damage    Failure   Level
 Apportation              Tloc           0%         N/A       52%         1
 Necrotise                Necr           0%         1d4       52%         1
 Summon Small Mammal      Summ           0%         N/A       52%         1


Dungeon Overview and Level Annotations

Branches:
Dungeon (3/15)

Altars:
Cheibriados
Trog

Shops:
D:3 [


Innate Abilities, Weirdness & Mutations

((You are very nimble when in or above water. (Stealth+, EV+, Speed+++)))
Your lower body shifts to a powerful aquatic tail in water.


Message History

p - an orange potion As you open the door, it creaks loudly!
No target in view!
No target in view!
There is an open door here.
You open the door.
Found a robe.
An orc comes into view. It is wielding a +0 hand axe.
There is an open door here.
A goblin and an orc priest come into view.
The goblin shouts!
An orc comes into view. It is wielding a +0 club.
The goblin unwields a +0 club.
The goblin wields a +0 sling.
The goblin shoots a sling bullet.
The sling bullet hits you but does no damage.
The orc shouts!
You see here a +0 robe.
You open the door.
The orc priest looks encouraged for a moment.
The orc priest calls down the wrath of Beogh upon you.
Pain shoots through your body!
There is an open door here.
The orc priest invokes the aid of Beogh against you.
Beogh smites you!
There is an open door here.
There is a stone staircase leading up here.
You climb upwards.
The gnoll throws a boomerang of dispersal.
The boomerang of dispersal closely misses you.
The gnoll closely misses you.
There is a stone staircase leading down here.
You hit the gnoll.
The gnoll is heavily wounded.
The gnoll misses you.
The gnoll hits you from afar with a +0 spear.
* * * LOW HITPOINT WARNING * * *
The gnoll attacks as you move away! The gnoll hits you with a +0 club.
* * * LOW HITPOINT WARNING * * *
The gnoll attacks as you move away! The gnoll hits you with a +0 club.
You die...

.# .# .# #.# .# #.#
.# # #.###.## ..
#.##...### #.
##..g.#...#
#.##.##...#@..#.##
.........g.....#. #
#.#####..g##.##.#.#
##.###.##.#.#####
#.# #.......$... .#
#.# ####.###### .#
#.# #...# .# #>#
#.###########.##
###.# #g#
#...##....#


You could see 3 gnolls.

Vanquished Creatures
  A gnoll (D:2)
  An adder (D:3)
  2 dart slugs
  3 endoplasms
  2 giant cockroaches (D:1)
  4 goblins
  2 hobgoblins
  3 quokkas
  5 ball pythons
  7 bats
  A kobold (D:1)
  8 rats
39 creatures vanquished.

Notes
Turn   | Place    | Note
-------+----------+-------------------------------------------
     0 | D:1      | Leeroy the Merfolk Gladiator began the quest for the Orb.
     0 | D:1      | Reached XP level 1. HP: 16/16 MP: 1/1
    87 | D:1      | Reached skill level 4 in Long Blades
   152 | D:1      | Reached XP level 2. HP: 22/22 MP: 2/2
   969 | D:2      | Reached XP level 3. HP: 27/27 MP: 3/3
   988 | D:2      | Reached skill level 5 in Long Blades
  1397 | D:3      | Found a bloodstained altar of Trog.
  1419 | D:3      | Found Qyviput's Armour Shop.
  1427 | D:3      | Found a snail-covered altar of Cheibriados.
  1438 | D:3      | Reached XP level 4. HP: 33/33 MP: 4/4
  1492 | D:2      | Slain by a gnoll

Illustrated notes

Levels and vault maps discovered:
D:1:      amcnicky_arrival_flooded_fountain, layout_basic
D:2:      layout_loops_ring, serial_shops, shop
D:3:      layout_basic, mainiacjoe_overflow_alcove_2, vehumet_statue,
          lemuel_crystal_altar, serial_shops, nicolae_shop_behind_doors

Skill      XL: |  1  2  3 |
---------------+----------+-----
Long Blades    | 4 5 |  5.9
Fighting       | |  2.1
Throwing       | |  2.0
Dodging        | |  4.0

Action                   |  1- 3 |  4- 6 || total
-------------------------+-------+-------++-------
Melee: Long sword        |    96 |     2 ||    98
 Stab: Sleeping          |     1 |       ||     1
Armor: Leather armour    |    31 |     1 ||    32
Dodge: Dodged            |    73 |     3 ||    76

Table legend: (Time is in decaauts)
 A = Elapsed time spent in this place.
 B = Non-inter-level travel time spent in this place.
 C = Inter-level travel time spent in this place.
 D = Time resting spent in this place.
 E = Time spent auto-exploring this place.
 F = Levels seen in this place.
 G = Mean time per level.
                   A        B        C        D        E       F      G
               +--------+--------+--------+--------+--------+-----+--------+
         Total |   1506 |   1474 |     32 |    196 |    903 |   3 |  502.0 |
       Dungeon |   1506 |   1474 |     32 |    196 |    903 |   3 |  502.0 |
               +--------+--------+--------+--------+--------+-----+--------+

Top non-repeatable levels by time:
     D:1: 895 daAuts
     D:3: 318 daAuts
     D:2: 292 daAuts
